 Dungeon Crawl Stone Soup version 0.29.1-12-g30fa7ad0bf (webtiles) character file.

Game seed: 16440523125092375591

46 IcyTea the Conjurer (level 3, -4/21 HPs)
             Began as an Octopode Conjurer on Dec 22, 2022.
             Slain by a worm (11 damage)
             ... on level 2 of the Dungeon.
             The game lasted 00:05:37 (1626 turns).

IcyTea the Conjurer (Octopode Conjurer)             Turns: 1626, Time: 00:05:38

Health: -4/21      AC:  1    Str:  6    XL:     3   Next: 68%
Magic:  6/6        EV: 13    Int: 22    God:
Gold:   87         SH:  0    Dex: 10    Spells: 3/6 levels left

rFire   . . .      SeeInvis .   h - +0 short sword
rCold   . . .      Faith    .   (no shield)
rNeg    . . .      Spirit   .   (helmet restricted)
rPois   .          Reflect  .   (no amulet)
rElec   .          Harm     .   (no ring)
rCorr   .          Rampage  .   (no ring)
Will    .....                   (no ring)
Stlth   +++.......              (no ring)
HPRegen 0.07/turn               (no ring)
MPRegen 0.10/turn               (no ring)
                                (no ring)
                                (no ring)

@: no status effects
A: almost no armour, amphibious, 8 rings, camouflage 1, gelatinous body 1,
(nimble swimmer 1), tentacles
a: no special abilities


You were on level 2 of the Dungeon.
You visited 1 branch of the dungeon, and saw 2 of its levels.

You collected 87 gold pieces.

Inventory:

Hand Weapons
 g - a +0 long sword
 h - a +0 short sword (weapon)
Scrolls
 d - 3 scrolls of teleportation
 e - a scroll of identify
 f - a scroll of fog
 k - a scroll of vulnerability
Potions
 a - a potion of magic
 b - 2 potions of heal wounds
 c - 2 potions of lignification {unknown}
 i - 2 potions of experience {unknown}
 j - a potion of curing {unknown}
 l - a potion of haste {unknown}


   Skills:
 + Level 1.4 Short Blades
 - Level 2.0 Dodging
 - Level 2.6 Stealth
 - Level 2.0 Spellcasting
 - Level 5.0 Conjurations


You had 3 spell levels left.
You knew the following spells:

 Your Spells              Type           Power      Damage    Failure   Level
a - Magic Dart            Conj           96%        1d7       1%          1
b - Searing Ray           Conj           48%        2d6       2%          2

Your spell library contained the following spells:

 Spells                   Type           Power      Damage    Failure   Level
 Conjure Flame            Conj/Fire      13%        6-21      14%         3
 Dazzling Flash           Conj/Hex       26%        N/A       14%         3
 Ignite Poison            Fire/Tmut/Pois 2%         N/A       38%         3
 Fulminant Prism          Conj/Hex       6%         3d7       43%         4
 Iskenderun's Mystic Bla  Conj/Tloc      13%        2d5       43%         4
 Sticky Flame             Conj/Fire      13%        2d4       43%         4


Dungeon Overview and Level Annotations

Branches:
Dungeon (2/15)

Altars:


Innate Abilities, Weirdness & Mutations

You cannot wear most types of armour.
You are amphibious.
You can wear up to eight rings at the same time.
Your skin changes colour to match your surroundings (Stealth+).
Your rubbery body absorbs attacks. (AC +1, EV +1)
((You are camouflaged when in or above water. (Stealth+)))
You have tentacles for arms and can constrict up to eight enemies at once.


Message History

You now have 65 gold pieces (gained 14).
You now have 73 gold pieces (gained 8).
Magic restored.
There is a stone staircase leading up here.
l - a bubbling red potion
Found a dagger.
Found a hand axe.
d - 3 scrolls of teleportation (gained 1)
You now have 79 gold pieces (gained 6).
Found 2 stones.
Found a mace.
You now have 87 gold pieces (gained 8).
You open the door.
A ball python comes into view.
An endoplasm and a worm come into view.
There is an open door here.
The helpless ball python fails to defend itself.
You puncture the ball python!
You kill the ball python!
You see here a ball python corpse.
The helpless endoplasm fails to defend itself.
You hit the endoplasm. You squeeze the endoplasm.
You kill the endoplasm!
You hit the worm but do no damage. You grab the worm. You constrict the worm.
The worm bites you.
You hit the worm.
The worm is lightly wounded.
You constrict the worm. You hit the worm.
The worm is heavily wounded.
You constrict the worm. The worm bites you!
Ouch! That really hurt!
You hit the worm.
The worm is heavily wounded.
You constrict the worm. You hit the worm. Your squeeze misses the worm.
The worm is heavily wounded.
You constrict the worm. The worm bites you!
Ouch! That really hurt!
You die...

###....#########..# ...
####.......#######...# ... ..)
#....#.......##....)## ........
#.##########.....#####
........####.# #......## ##
#.(......†..###########..## ##.
#..####..###.......###..#####..
#.......###.~~.~~.##.........#
#.......#.~@w.~.##.#..######
##.####..'.†~♣~..#.(#..# ###
#.###..# ##.#.~.~.~.###..## ##..
#.....########.~~.~~.#....####..#
#.#.#........#.......####........
#......#############.....####..
#####............#..##...####..
#.........).#..# ###.......
#.............#######..##..


You could see a worm.

Vanquished Creatures
  An adder (D:2)
  8 bats
  4 endoplasms
  7 goblins
  2 hobgoblins (D:2)
  2 quokkas
  7 ball pythons
  2 kobolds (D:2)
  5 rats
38 creatures vanquished.

Notes
Turn   | Place    | Note
-------+----------+-------------------------------------------
     0 | D:1      | IcyTea the Octopode Conjurer began the quest for the Orb.
     0 | D:1      | Reached XP level 1. HP: 11/11 MP: 3/3
    69 | D:1      | Found a faded altar of an unknown god.
   202 | D:1      | Reached XP level 2. HP: 14/17 MP: 5/5
   264 | D:1      | Learned a level 2 spell: Searing Ray
   930 | D:2      | Reached XP level 3. HP: 10/21 MP: 6/6
  1085 | D:2      | Reached skill level 5 in Conjurations
  1141 | D:2      | Reached skill level 1 in Short Blades
  1626 | D:2      | Slain by a worm

Illustrated notes

Levels and vault maps discovered:
D:1:      sevenhm_arrival_forest_fort_large_4, layout_rooms,
          hellmonk_ecumenical_altar_lost_god, minmay_misc_feat_encased,
          chequers_garden
D:2:      layout_rooms, kennysheep_generic_room_9

Skill      XL: |  1  2  3 |
---------------+----------+-----
Conjurations   | 5 |  5.0
Short Blades   | 1 |  1.4
Dodging        | |  2.0
Stealth        | |  2.6
Spellcasting   | |  2.0

Action                   || total
-------------------------++-------
Melee: Club              ||     8
       Constrict         ||    12
       Short sword       ||    46
       Tentacles         ||     8
       Punch             ||     1
 Cast: Magic Dart        ||    24
  Use: Scroll            ||     6
 Stab: Sleeping          ||     5
Armor: Skin              ||    11
Dodge: Dodged            ||    35
